Flyers vs Devils
(R1)
Created - 21 novembre 2016 at 19:03
Goals
|
| Flyers |
1 |
2 |
2 |
5 |
| Devils |
1 |
1 |
1 |
3 |
|
Shots
|
| Flyers |
7 |
8 |
10 |
25 |
| Devils |
11 |
9 |
9 |
29 |
|
1st period
1. Flyers , Jonathan Ericsson 2 (Stefan Ruzicka, Rostislav Olesz) at 14:17
2. Devils , Brett Maclean 4 (Karl Alzner) at 15:16
Penalties :
Kyle Wellwood (Phi) for Tripping (Minor) at 4:40, Alexei Morozov (Phi) for Hooking (Minor) at 11:24
2nd period
3. Flyers , Jeff Carter 9 (Dany Heatley) at 8:01 (PP)
4. Devils , Daniel Briere 5 (Michael Frolik, Chris Phillips) at 15:45 (PP)
5. Flyers , Kyle Wellwood 1 (Dany Heatley) at 18:53
Penalties :
Jeff O'Neill (Phi) for Tripping (Minor) at 1:20, Kyle Wellwood (Phi) for Hooking (Minor) at 5:43, Steve Ott (NJD) for Elbowing (Minor) at 7:54, Ilya Kovalchuk (NJD) for Interference (Minor) at 8:16, Chris Kreider (Phi) for Hooking (Minor) at 14:30, Greg Zanon (NJD) for Hooking (Minor) at 19:45
3rd period
6. Flyers , Jeff Carter 10 (Dany Heatley, Jeff Woywitka) at 0:12 (PP)
7. Devils , Matt Duchene 6 (Chris Phillips) at 6:46
8. Flyers , Matthew Lombardi 2 (Jeff Woywitka, Jonathan Ericsson) at 15:37
Penalties :
Vincent Lecavalier (NJD) for Holding (Minor) at 2:10, Alexei Morozov (Phi) for Hooking (Minor) at 7:30
Goalie Stats
Cory Schneider (Phi), 26 saves from 29 shots - (0,897), W, 7-1-1, 60:00 minutes
Frederik Andersen (NJD), 8 saves from 9 shots - (0,889), 19:48 minutes
James Reimer (NJD), 12 saves from 16 shots - (0,750), L, 4-1-1, 40:12 minutes
Players Stats for Flyers
Player Name G A P +/- PIM S H SB GA TA FO MP PP MP PK MP
------------------------------------------------------------------------------------
Alexei Morozov 0 0 0 -1 4 2 3 0 0 0 1/1 14:26 0:41 0:00
Brock Nelson 0 0 0 1 0 2 0 0 0 0 0/0 10:58 1:21 0:00
Chris Kreider 0 0 0 -1 2 2 1 1 0 1 1/1 17:47 2:27 1:43
Dany Heatley 0 3 3 1 0 1 2 0 1 1 0/1 16:28 2:39 0:00
Jeff Carter 2 0 2 -1 0 4 3 0 0 0 12/27 18:33 2:25 2:27
Jeff O'Neill 0 0 0 0 2 0 2 0 0 0 2/2 10:21 0:14 3:00
Jeff Woywitka 0 2 2 2 0 0 1 3 2 0 0/0 25:55 3:15 6:09
Jonathan Ericsson 1 1 2 2 0 1 1 3 0 3 0/0 26:54 3:15 6:09
Kyle Wellwood 1 0 1 1 4 4 1 0 0 0 5/14 15:50 1:53 0:00
Loui Eriksson 0 0 0 1 0 2 0 0 0 0 0/1 15:58 1:53 0:00
Mats Zuccarello 0 0 0 1 0 0 0 0 0 0 0/0 15:50 0:00 5:41
Matt Smaby 0 0 0 -1 0 0 2 0 1 0 0/0 23:31 1:17 5:01
Matthew Lombardi 1 0 1 1 0 1 2 0 1 1 5/11 15:52 0:00 5:43
Nathan Paetsch 0 0 0 0 0 1 0 1 0 1 0/0 15:38 0:00 5:01
Pavel Kubina 0 0 0 -1 0 1 3 1 1 0 0/0 18:41 1:17 0:00
Rostislav Olesz 0 1 1 0 0 4 0 0 0 0 1/1 10:06 0:03 3:46
Stefan Ruzicka 0 1 1 0 0 0 0 0 0 0 0/0 6:35 0:00 0:00
Victor Bartley 0 0 0 0 0 0 0 1 0 0 0/0 9:21 0:00 0:00
Players Stats for Devils
Player Name G A P +/- PIM S H SB GA TA FO MP PP MP PK MP
------------------------------------------------------------------------------------
Alexandre Burrows 0 0 0 0 0 1 0 0 0 0 0/0 8:21 0:22 1:36
Brad Richardson 0 0 0 -2 0 1 5 0 0 0 0/1 12:30 0:00 1:27
Brett Maclean 1 0 1 -2 0 3 2 1 0 0 0/0 14:35 4:50 0:00
Chris Mcallister 0 0 0 0 0 2 2 0 0 0 0/1 13:38 0:00 0:08
Chris Phillips 0 2 2 -1 0 1 2 1 1 0 0/0 26:38 6:53 0:00
Damien Brunner 0 0 0 0 0 1 1 0 0 0 1/1 6:22 0:00 0:00
Daniel Briere 1 0 1 -2 0 2 0 0 1 0 2/7 15:29 4:50 0:53
Greg Zanon 0 0 0 0 2 4 1 1 0 0 0/0 17:34 0:00 2:22
Ilya Kovalchuk 0 0 0 1 2 2 2 1 0 1 2/4 20:32 5:58 0:00
Jay McKee 0 0 0 0 0 0 0 1 1 0 0/0 15:20 4:17 1:43
Karl Alzner 0 1 1 0 0 1 2 0 0 0 0/0 19:07 6:53 0:27
Matt Duchene 1 0 1 1 0 2 0 0 0 0 20/30 21:26 5:58 0:54
Michael Frolik 0 1 1 1 0 3 1 0 2 0 1/1 22:14 5:12 2:38
Michal Rozsival 0 0 0 0 0 1 3 0 1 3 0/0 21:58 4:17 1:43
Mike Komisarek 0 0 0 -1 0 1 1 1 0 1 0/0 19:22 0:00 2:49
Steve Ott 0 0 0 0 2 0 0 0 0 0 1/3 6:58 0:26 0:00
Vincent Lecavalier 0 0 0 0 2 1 1 0 1 0 5/9 14:57 0:00 1:28
Vladimir Tarasenko 0 0 0 0 0 3 2 0 0 1 0/2 18:23 5:54 0:00
3 Stars
1 - Jonathan Ericsson (Phi)
2 - Jeff Carter (Phi)
3 - Dany Heatley (Phi)
Power Play
Flyers - 2 on 4 Attempt(s) - 50,00%
Devils - 1 on 6 Attempt(s) - 16,67%
Penalty Kill
Flyers - 5 on 6 Attempt(s) - 83,33%
- Score 0 goal in Penalty Kill
Devils - 2 on 4 Attempt(s) - 50,00%
- Score 0 goal in Penalty Kill
Team Stat
Flyers - Hits : 21 - Faceoff Wins : 27 - Blocked Shots : 10 - Penalty Minutes : 12
Devils - Hits : 25 - Faceoff Wins : 32 - Blocked Shots : 6 - Penalty Minutes : 8
Official
Referees : Meier Brad and Charron Francis
Linesman : Jonny Murray and Mark Shewchyk
Game Notes
Frederik Andersen enters game at 0:12 of 3rd period
Finance
Level 1 -- Attendance: 5802 (96,70%) -- Ticket Income 493 170 $
Level 2 -- Attendance: 4422 (88,44%) -- Ticket Income 229 944 $
Level 3 -- Attendance: 1799 (89,95%) -- Ticket Income 50 372 $
Level 4 -- Attendance: 3658 (91,45%) -- Ticket Income 73 160 $
Luxury Box -- Attendance: 727 (72,70%) -- Ticket Income 123 590 $
Game was played at the The prudential Center.
Total Attendance: 16408 (91,16%)
Total Ticket Income: 970 236 $
Other Income: 145 535 $
Total Income: 1 115 771 $
Flyers
5 vs 5 Forward
Center Left Wing Right Wing Time % Phy DF OF
1 Jeff Carter Chris Kreider Alexei Morozov 40 1 1 3
2 Kyle Wellwood Dany Heatley Loui Eriksson 40 1 1 3
3 Matthew Lombardi Brock Nelson Mats Zuccarello 15 0 3 2
4 Jeff O'Neill Rostislav Olesz Stefan Ruzicka 5 0 3 2
5 vs 5 Defense
Defense Defense Time % Phy DF OF
1 Jonathan Ericsson Jeff Woywitka 40 0 3 2
2 Pavel Kubina Matt Smaby 40 0 3 2
3 Nathan Paetsch Victor Bartley 15 0 5 0
4 Jonathan Ericsson Pavel Kubina 5 0 3 2
PowerPlay Forward
Center Left Wing Right Wing Time % Phy DF OF
1 Jeff Carter Dany Heatley Chris Kreider 60 0 0 5
2 Kyle Wellwood Dany Heatley Loui Eriksson 40 0 0 5
PowerPlay Defense
Defense Defense Time % Phy DF OF
1 Jonathan Ericsson Jeff Woywitka 60 0 2 3
2 Pavel Kubina Matt Smaby 40 0 3 2
Penalty Kill 4 Players Forward
Center Wing Time % Phy DF OF
1 Matthew Lombardi Mats Zuccarello 60 0 5 0
2 Jeff O'Neill Rostislav Olesz 40 0 5 0
Penalty Kill 4 Players Defense
Defense Defense Time % Phy DF OF
1 Jeff Woywitka Jonathan Ericsson 60 0 5 0
2 Matt Smaby Nathan Paetsch 40 0 5 0
Penalty Kill - 3 Players Forward
Forward Time % Phy DF OF
1 Matthew Lombardi 60 0 5 0
2 Jeff O'Neill 40 0 5 0
Penalty Kill - 3 Players Defense
Defense Defense Time % Phy DF OF
1 Jonathan Ericsson Jeff Woywitka 60 0 5 0
2 Nathan Paetsch Matt Smaby 40 0 5 0
4 vs 4 Forward
Center Wing Time % Phy DF OF
1 Jeff Carter Alexei Morozov 60 1 1 3
2 Kyle Wellwood Loui Eriksson 40 0 2 3
4 vs 4 Defense
Defense Defense Time % Phy DF OF
1 Jeff Woywitka Jonathan Ericsson 60 0 3 2
2 Pavel Kubina Matt Smaby 40 0 3 2
Last Minutes Offensive
Center Left Wing Right Wing Defense Defense
Jeff Carter Dany Heatley Alexei Morozov Pavel Kubina Jonathan Ericsson
Last Minutes Defensive
Center Left Wing Right Wing Defense Defense
Matthew Lombardi Dany Heatley Loui Eriksson Jeff Woywitka Nathan Paetsch
Goaltenders
Starting : Cory Schneider
Backup : Viktor Fasth
Extra Forwards
Normal : Jeff Carter, Kyle Wellwood, Alexei Morozov - PP : Jeff Carter, Kyle Wellwood - PK : Matthew Lombardi
Extra Defensemen
Normal : Jonathan Ericsson, Jeff Woywitka, Pavel Kubina - PP : Pavel Kubina - PK : Jeff Woywitka, Jonathan Ericsson
Penalty Shots
Loui Eriksson, Jeff Carter, Dany Heatley, Kyle Wellwood, Alexei Morozov
Devils
5 vs 5 Forward
Center Left Wing Right Wing Time % Phy DF OF
1 Matt Duchene Ilya Kovalchuk Michael Frolik 40 0 2 3
2 Vincent Lecavalier Chris Mcallister Vladimir Tarasenko 30 0 2 3
3 Daniel Briere Brett Maclean Brad Richardson 20 0 2 3
4 Steve Ott Alexandre Burrows Damien Brunner 10 2 1 2
5 vs 5 Defense
Defense Defense Time % Phy DF OF
1 Chris Phillips Mike Komisarek 40 1 1 2
2 Greg Zanon Michal Rozsival 30 2 1 2
3 Chris Phillips Karl Alzner 20 2 1 2
4 Karl Alzner Jay McKee 10 2 1 2
PowerPlay Forward
Center Left Wing Right Wing Time % Phy DF OF
1 Matt Duchene Ilya Kovalchuk Vladimir Tarasenko 60 0 2 3
2 Daniel Briere Brett Maclean Michael Frolik 40 0 2 3
PowerPlay Defense
Defense Defense Time % Phy DF OF
1 Karl Alzner Chris Phillips 60 1 2 2
2 Michal Rozsival Jay McKee 40 1 2 2
Penalty Kill 4 Players Forward
Center Wing Time % Phy DF OF
1 Vincent Lecavalier Michael Frolik 60 1 2 2
2 Daniel Briere Ilya Kovalchuk 40 1 2 2
Penalty Kill 4 Players Defense
Defense Defense Time % Phy DF OF
1 Mike Komisarek Greg Zanon 60 1 2 2
2 Michal Rozsival Jay McKee 40 1 2 2
Penalty Kill - 3 Players Forward
Forward Time % Phy DF OF
1 Ilya Kovalchuk 60 1 2 2
2 Vincent Lecavalier 40 1 2 2
Penalty Kill - 3 Players Defense
Defense Defense Time % Phy DF OF
1 Michal Rozsival Greg Zanon 60 1 2 2
2 Mike Komisarek Jay McKee 40 1 2 2
4 vs 4 Forward
Center Wing Time % Phy DF OF
1 Matt Duchene Michael Frolik 60 1 2 2
2 Daniel Briere Ilya Kovalchuk 40 1 2 2
4 vs 4 Defense
Defense Defense Time % Phy DF OF
1 Michal Rozsival Greg Zanon 60 1 2 2
2 Mike Komisarek Jay McKee 40 1 2 2
Last Minutes Offensive
Center Left Wing Right Wing Defense Defense
Matt Duchene Ilya Kovalchuk Michael Frolik Michal Rozsival Greg Zanon
Last Minutes Defensive
Center Left Wing Right Wing Defense Defense
Vincent Lecavalier Ilya Kovalchuk Michael Frolik Michal Rozsival Greg Zanon
Goaltenders
Starting : James Reimer
Backup : Frederik Andersen
Extra Forwards
Normal : Matt Duchene, Steve Ott, Brad Richardson - PP : Matt Duchene, Steve Ott - PK : Brad Richardson
Extra Defensemen
Normal : Chris Phillips, Karl Alzner, Mike Komisarek - PP : Chris Phillips - PK : Karl Alzner, Mike Komisarek
Penalty Shots
Ilya Kovalchuk, Vincent Lecavalier, Daniel Briere, Michael Frolik, Matt Duchene
% Time on Ice - Flyers
Lines # - Real PCT - Wanted PCT - Time Play
Normal Forward
1 - 32% - 40% - 14:15
2 - 32% - 40% - 14:19
3 - 22% - 15% - 9:35
4 - 14% - 5% - 6:09
Normal Defense
1 - 37% - 40% - 16:17
2 - 39% - 40% - 17:25
3 - 21% - 15% - 9:21
4 - 3% - 5% - 1:15
PP Forward
1 - 58% - 60% - 2:39
2 - 42% - 40% - 1:53
PP Defense
1 - 72% - 60% - 3:15
2 - 28% - 40% - 1:17
PK Forward
1 - 66% - 60% - 7:24
2 - 34% - 40% - 3:46
PK Defense
1 - 55% - 60% - 6:09
2 - 45% - 40% - 5:01
PK3 Forward
1 - 0% - 60%
2 - 0% - 40%
PK3 Defense
1 - 0% - 60%
2 - 0% - 40%
44 Forward
1 - 0% - 60%
2 - 0% - 40%
44 Defense
1 - 0% - 60%
2 - 0% - 40%
Last Minute Offensive - 0:00
Last Minute Defensive - 0:00
Total
Forward - 60:00
Defense - 60:00
|
% Time on Ice - Devils
Lines # - Real PCT - Wanted PCT - Time Play
Normal Forward
1 - 34% - 40% - 15:02
2 - 30% - 30% - 13:13
3 - 22% - 20% - 9:41
4 - 14% - 10% - 6:22
Normal Defense
1 - 38% - 40% - 16:41
2 - 36% - 30% - 15:58
3 - 10% - 20% - 4:33
4 - 16% - 10% - 7:06
PP Forward
1 - 53% - 60% - 5:58
2 - 47% - 40% - 5:12
PP Defense
1 - 62% - 60% - 6:53
2 - 38% - 40% - 4:17
PK Forward
1 - 87% - 60% - 3:57
2 - 13% - 40% - 0:35
PK Defense
1 - 62% - 60% - 2:49
2 - 38% - 40% - 1:43
PK3 Forward
1 - 0% - 60%
2 - 0% - 40%
PK3 Defense
1 - 0% - 60%
2 - 0% - 40%
44 Forward
1 - 0% - 60%
2 - 0% - 40%
44 Defense
1 - 0% - 60%
2 - 0% - 40%
Last Minute Offensive - 0:00
Last Minute Defensive - 0:00
Total
Forward - 60:00
Defense - 60:00
|
Play by Play
1st period
0:01 of 1st period - Matt Duchene wins face-off versus Jeff Carter in neutral zone.
0:06 of 1st period - Snap shot by Matt Duchene.
0:06 of 1st period - Stopped by Cory Schneider without a rebound.
0:07 of 1st period - Jeff Carter wins face-off versus Matt Duchene in Flyers zone.
0:28 of 1st period - Wrist shot by Ilya Kovalchuk.
0:28 of 1st period - Shot Blocked by Jeff Woywitka.
0:36 of 1st period - Slapshot by Matt Duchene.
0:36 of 1st period - Shot Misses the Net.
0:59 of 1st period - Slapshot by Matt Duchene.
0:59 of 1st period - Shot Misses the Net.
1:05 of 1st period - Jeff Woywitka is hit by Ilya Kovalchuk and loses puck.
1:11 of 1st period - Off-side.
1:12 of 1st period - Kyle Wellwood wins face-off versus Chris Mcallister in neutral zone.
1:23 of 1st period - Wrist shot by Kyle Wellwood.
1:23 of 1st period - Stopped by James Reimer without a rebound.
1:24 of 1st period - Kyle Wellwood wins face-off versus Daniel Briere in Devils zone.
1:25 of 1st period - Snap shot by Loui Eriksson.
1:25 of 1st period - Deflect By Kyle Wellwood.
1:25 of 1st period - Stopped by James Reimer with a rebound.
1:27 of 1st period - Snap shot by Kyle Wellwood.
1:27 of 1st period - Stopped by James Reimer with a rebound.
1:53 of 1st period - Snap shot by Vladimir Tarasenko.
1:53 of 1st period - Stopped by Cory Schneider with a rebound.
2:09 of 1st period - Slapshot by Alexandre Burrows.
2:09 of 1st period - Stopped by Cory Schneider without a rebound.
2:10 of 1st period - Rostislav Olesz wins face-off versus Steve Ott in Flyers zone.
2:35 of 1st period - Nathan Paetsch is hit by Chris Mcallister and loses puck.
2:43 of 1st period - Icing by Dany Heatley.
2:44 of 1st period - Daniel Briere wins face-off versus Loui Eriksson in Flyers zone.
3:08 of 1st period - Slapshot by Loui Eriksson.
3:08 of 1st period - Stopped by James Reimer with a rebound.
3:10 of 1st period - Snap shot by Kyle Wellwood.
3:10 of 1st period - Deflect By Dany Heatley.
3:10 of 1st period - Stopped by James Reimer without a rebound.
3:11 of 1st period - Matthew Lombardi wins face-off versus Vincent Lecavalier in Devils zone.
3:51 of 1st period - Icing by Michal Rozsival.
3:52 of 1st period - Steve Ott wins face-off versus Jeff Carter in Devils zone.
4:10 of 1st period - Wrist shot by Damien Brunner.
4:10 of 1st period - Stopped by Cory Schneider with a rebound.
4:16 of 1st period - Snap shot by Steve Ott.
4:16 of 1st period - Deflect By Alexandre Burrows.
4:16 of 1st period - Shot Misses the Net.
4:16 of 1st period - Puck is out of play.
4:17 of 1st period - Matt Duchene wins face-off versus Dany Heatley in Flyers zone.
4:40 of 1st period - Minor Penalty to Kyle Wellwood for Tripping.
4:41 of 1st period - Matt Duchene wins face-off versus Matthew Lombardi in Flyers zone.
6:05 of 1st period - Brett Maclean is hit by Jeff O'Neill and loses puck.
6:40 of 1st period - Penalty to Kyle Wellwood is over, Kyle Wellwood is back on ice.
7:10 of 1st period - Jonathan Ericsson is hit by Brad Richardson and loses puck.
7:17 of 1st period - Michal Rozsival is hit by Kyle Wellwood and loses puck.
8:16 of 1st period - Jay McKee is hit by Jeff Woywitka and loses puck.
8:38 of 1st period - Alexei Morozov is hit by Michael Frolik and loses puck.
8:59 of 1st period - Chris Mcallister is hit by Jonathan Ericsson and loses puck.
9:12 of 1st period - Vladimir Tarasenko is hit by Pavel Kubina and loses puck.
9:19 of 1st period - Pavel Kubina is hit by Karl Alzner and loses puck.
9:36 of 1st period - Wrist shot by Vladimir Tarasenko.
9:36 of 1st period - Stopped by Cory Schneider without a rebound.
9:37 of 1st period - Matt Duchene wins face-off versus Jeff Carter in Flyers zone.
9:38 of 1st period - Wrist shot by Michael Frolik.
9:38 of 1st period - Shot Misses the Net.
9:52 of 1st period - Wrist shot by Michael Frolik.
9:52 of 1st period - Shot Misses the Net.
9:54 of 1st period - Slapshot by Greg Zanon.
9:54 of 1st period - Stopped by Cory Schneider with a rebound.
10:04 of 1st period - Jonathan Ericsson is hit by Brad Richardson and loses puck.
10:15 of 1st period - Wrist shot by Kyle Wellwood.
10:15 of 1st period - Shot Blocked by Greg Zanon.
10:25 of 1st period - Daniel Briere is hit by Matthew Lombardi and loses puck.
10:34 of 1st period - Victor Bartley is hit by Michal Rozsival and loses puck.
11:15 of 1st period - Wrist shot by Daniel Briere.
11:15 of 1st period - Deflect By Brett Maclean.
11:15 of 1st period - Stopped by Cory Schneider without a rebound.
11:16 of 1st period - Matt Duchene wins face-off versus Jeff Carter in Flyers zone.
11:24 of 1st period - Minor Penalty to Alexei Morozov for Hooking.
11:25 of 1st period - Matthew Lombardi wins face-off versus Matt Duchene in Flyers zone.
12:22 of 1st period - Matt Smaby is hit by Brett Maclean and loses puck.
13:24 of 1st period - Penalty to Alexei Morozov is over, Alexei Morozov is back on ice.
13:31 of 1st period - Pavel Kubina is hit by Brad Richardson.
14:15 of 1st period - Snap shot by Stefan Ruzicka.
14:15 of 1st period - Shot Misses the Net.
14:17 of 1st period - Slapshot by Jonathan Ericsson.
14:17 of 1st period - Goal by Jonathan Ericsson - Flyers : 1 - Devils : 0.
14:18 of 1st period - Jeff Carter wins face-off versus Matt Duchene in neutral zone.
14:31 of 1st period - Snap shot by Alexei Morozov.
14:31 of 1st period - Stopped by James Reimer with a rebound.
14:56 of 1st period - Vincent Lecavalier is hit by Pavel Kubina and loses puck.
15:16 of 1st period - Slapshot by Brett Maclean.
15:16 of 1st period - Goal by Brett Maclean - Flyers : 1 - Devils : 1.
15:17 of 1st period - Jeff Carter wins face-off versus Matt Duchene in neutral zone.
15:48 of 1st period - Snap shot by Mats Zuccarello.
15:48 of 1st period - Shot Blocked by Mike Komisarek.
16:36 of 1st period - Snap shot by Brett Maclean.
16:36 of 1st period - Shot Blocked by Chris Kreider.
16:38 of 1st period - Snap shot by Brad Richardson.
16:38 of 1st period - Shot Blocked by Jonathan Ericsson.
16:52 of 1st period - Slapshot by Michal Rozsival.
16:52 of 1st period - Stopped by Cory Schneider with a rebound.
16:54 of 1st period - Wrist shot by Greg Zanon.
16:54 of 1st period - Stopped by Cory Schneider with a rebound.
16:56 of 1st period - Snap shot by Ilya Kovalchuk.
16:56 of 1st period - Shot Misses the Net.
16:58 of 1st period - Backhand shot by Greg Zanon.
16:58 of 1st period - Stopped by Cory Schneider with a rebound.
17:40 of 1st period - Slapshot by Steve Ott.
17:40 of 1st period - Shot Misses the Net.
18:19 of 1st period - Mike Komisarek is hit by Jeff O'Neill and loses puck.
18:34 of 1st period - Dany Heatley is hit by Chris Phillips and loses puck.
18:45 of 1st period - Snap shot by Chris Mcallister.
18:45 of 1st period - Shot Misses the Net.
18:47 of 1st period - Slapshot by Vincent Lecavalier.
18:47 of 1st period - Deflect By Vladimir Tarasenko.
18:47 of 1st period - Shot Blocked by Nathan Paetsch.
18:47 of 1st period - Puck is out of play.
18:48 of 1st period - Matt Duchene wins face-off versus Jeff Carter in Flyers zone.
19:20 of 1st period - Vladimir Tarasenko is hit by Dany Heatley.
19:24 of 1st period - Vladimir Tarasenko is hit by Pavel Kubina and loses puck.
19:59 of 1st period - Alexei Morozov is hit by Mike Komisarek and loses puck.
Goals for this period are 1 for Flyers vs 1 for Devils.
Shots for this period are 7 for Flyers vs 11 for Devils.
2nd period
0:01 of 2nd period - Jeff Carter wins face-off versus Ilya Kovalchuk in neutral zone.
0:04 of 2nd period - Karl Alzner is hit by Alexei Morozov.
0:32 of 2nd period - Chris Phillips is hit by Dany Heatley and loses puck.
0:55 of 2nd period - Karl Alzner is hit by Matthew Lombardi and loses puck.
1:18 of 2nd period - Snap shot by Michael Frolik.
1:18 of 2nd period - Shot Blocked by Victor Bartley.
1:20 of 2nd period - Minor Penalty to Jeff O'Neill for Tripping.
1:21 of 2nd period - Matthew Lombardi wins face-off versus Matt Duchene in Flyers zone.
1:31 of 2nd period - Off-side.
1:32 of 2nd period - Matthew Lombardi wins face-off versus Vladimir Tarasenko in neutral zone.
1:59 of 2nd period - Matthew Lombardi is hit by Brett Maclean and loses puck.
2:21 of 2nd period - Icing by Ilya Kovalchuk.
2:22 of 2nd period - Jeff Carter wins face-off versus Vladimir Tarasenko in Devils zone.
2:25 of 2nd period - Snap shot by Jeff Carter.
2:25 of 2nd period - Stopped by James Reimer with a rebound.
2:27 of 2nd period - Wrist shot by Rostislav Olesz.
2:27 of 2nd period - Stopped by James Reimer without a rebound.
2:28 of 2nd period - Matt Duchene wins face-off versus Jeff Carter in Devils zone.
2:43 of 2nd period - Snap shot by Rostislav Olesz.
2:43 of 2nd period - Stopped by James Reimer with a rebound.
3:20 of 2nd period - Penalty to Jeff O'Neill is over, Jeff O'Neill is back on ice.
3:24 of 2nd period - Icing by Nathan Paetsch.
3:25 of 2nd period - Damien Brunner wins face-off versus Matthew Lombardi in Flyers zone.
3:28 of 2nd period - Slapshot by Steve Ott.
3:28 of 2nd period - Shot Misses the Net.
4:02 of 2nd period - Loui Eriksson is hit by Ilya Kovalchuk and loses puck.
4:22 of 2nd period - Jeff Carter is hit by Brad Richardson and loses puck.
4:35 of 2nd period - Snap shot by Alexandre Burrows.
4:35 of 2nd period - Shot Misses the Net.
4:51 of 2nd period - Dany Heatley is hit by Greg Zanon and loses puck.
5:18 of 2nd period - Ilya Kovalchuk is hit by Alexei Morozov and loses puck.
5:40 of 2nd period - Snap shot by Daniel Briere.
5:40 of 2nd period - Stopped by Cory Schneider without a rebound.
5:41 of 2nd period - Kyle Wellwood wins face-off versus Vincent Lecavalier in Flyers zone.
5:43 of 2nd period - Minor Penalty to Kyle Wellwood for Hooking.
5:44 of 2nd period - Matt Duchene wins face-off versus Matthew Lombardi in Flyers zone.
6:26 of 2nd period - Wrist shot by Michael Frolik.
6:26 of 2nd period - Shot Blocked by Jeff Woywitka.
7:43 of 2nd period - Penalty to Kyle Wellwood is over, Kyle Wellwood is back on ice.
7:54 of 2nd period - Minor Penalty to Steve Ott for Elbowing.
7:55 of 2nd period - Vincent Lecavalier wins face-off versus Jeff Carter in Devils zone.
8:01 of 2nd period - Snap shot by Jeff Carter.
8:01 of 2nd period - Goal by Jeff Carter - Flyers : 2 - Devils : 1.
8:02 of 2nd period - Matt Duchene wins face-off versus Kyle Wellwood in neutral zone.
8:16 of 2nd period - Minor Penalty to Ilya Kovalchuk for Interference.
8:17 of 2nd period - Vincent Lecavalier wins face-off versus Jeff Carter in Devils zone.
10:16 of 2nd period - Penalty to Ilya Kovalchuk is over, Ilya Kovalchuk is back on ice.
10:39 of 2nd period - Snap shot by Daniel Briere.
10:39 of 2nd period - Shot Misses the Net.
10:41 of 2nd period - Slapshot by Karl Alzner.
10:41 of 2nd period - Shot Misses the Net.
12:35 of 2nd period - Rostislav Olesz is hit by Damien Brunner and loses puck.
12:52 of 2nd period - Slapshot by Pavel Kubina.
12:52 of 2nd period - Deflect By Michael Frolik.
12:52 of 2nd period - Stopped by James Reimer with a rebound.
14:09 of 2nd period - Snap shot by Brett Maclean.
14:09 of 2nd period - Stopped by Cory Schneider with a rebound.
14:11 of 2nd period - Slapshot by Greg Zanon.
14:11 of 2nd period - Deflect By Kyle Wellwood.
14:11 of 2nd period - Stopped by Cory Schneider without a rebound.
14:12 of 2nd period - Jeff Carter wins face-off versus Daniel Briere in Flyers zone.
14:21 of 2nd period - Slapshot by Jeff Woywitka.
14:21 of 2nd period - Deflect By Jeff Carter.
14:21 of 2nd period - Shot Blocked by Brett Maclean.
14:21 of 2nd period - Puck is out of play.
14:22 of 2nd period - Matt Duchene wins face-off versus Jeff Carter in Devils zone.
14:30 of 2nd period - Minor Penalty to Chris Kreider for Hooking.
14:31 of 2nd period - Matt Duchene wins face-off versus Matthew Lombardi in Flyers zone.
15:35 of 2nd period - Icing by Daniel Briere.
15:36 of 2nd period - Jeff O'Neill wins face-off versus Daniel Briere in Devils zone.
15:37 of 2nd period - Snap shot by Rostislav Olesz.
15:37 of 2nd period - Stopped by James Reimer without a rebound.
15:38 of 2nd period - Jeff O'Neill wins face-off versus Daniel Briere in Devils zone.
15:45 of 2nd period - Snap shot by Daniel Briere.
15:45 of 2nd period - Goal by Daniel Briere - Flyers : 2 - Devils : 2.
15:46 of 2nd period - Matt Duchene wins face-off versus Kyle Wellwood in neutral zone.
15:49 of 2nd period - Snap shot by Ilya Kovalchuk.
15:49 of 2nd period - Stopped by Cory Schneider with a rebound.
15:51 of 2nd period - Slapshot by Michael Frolik.
15:51 of 2nd period - Stopped by Cory Schneider without a rebound.
15:52 of 2nd period - Matt Duchene wins face-off versus Kyle Wellwood in Flyers zone.
16:09 of 2nd period - Snap shot by Ilya Kovalchuk.
16:09 of 2nd period - Shot Misses the Net.
17:04 of 2nd period - Snap shot by Vincent Lecavalier.
17:04 of 2nd period - Shot Misses the Net.
17:06 of 2nd period - Slapshot by Matt Duchene.
17:06 of 2nd period - Shot Misses the Net.
17:08 of 2nd period - Snap shot by Michael Frolik.
17:08 of 2nd period - Shot Misses the Net.
17:10 of 2nd period - Wrist shot by Matt Duchene.
17:10 of 2nd period - Deflect By Michael Frolik.
17:10 of 2nd period - Stopped by Cory Schneider with a rebound.
17:12 of 2nd period - Snap shot by Ilya Kovalchuk.
17:12 of 2nd period - Stopped by Cory Schneider without a rebound.
17:13 of 2nd period - Jeff Carter wins face-off versus Matt Duchene in Flyers zone.
18:07 of 2nd period - Icing by Kyle Wellwood.
18:08 of 2nd period - Kyle Wellwood wins face-off versus Vincent Lecavalier in Flyers zone.
18:13 of 2nd period - Wrist shot by Vincent Lecavalier.
18:13 of 2nd period - Shot Misses the Net.
18:53 of 2nd period - Snap shot by Kyle Wellwood.
18:53 of 2nd period - Goal by Kyle Wellwood - Flyers : 3 - Devils : 2.
18:54 of 2nd period - Jeff Carter wins face-off versus Ilya Kovalchuk in neutral zone.
18:59 of 2nd period - Wrist shot by Jeff Carter.
18:59 of 2nd period - Shot Misses the Net.
19:07 of 2nd period - Snap shot by Alexei Morozov.
19:07 of 2nd period - Stopped by James Reimer with a rebound.
19:09 of 2nd period - Slapshot by Jeff Woywitka.
19:09 of 2nd period - Shot Misses the Net.
19:23 of 2nd period - Off-side.
19:24 of 2nd period - Jeff Carter wins face-off versus Vincent Lecavalier in neutral zone.
19:45 of 2nd period - Minor Penalty to Greg Zanon for Hooking.
19:46 of 2nd period - Vincent Lecavalier wins face-off versus Jeff Carter in Devils zone.
19:46 of 2nd period - Vincent Lecavalier is hit by Jeff Carter.
19:56 of 2nd period - Slapshot by Vincent Lecavalier.
19:56 of 2nd period - Shot Blocked by Jonathan Ericsson.
19:58 of 2nd period - Slapshot by Karl Alzner.
19:58 of 2nd period - Stopped by Cory Schneider with a rebound.
Goals for this period are 2 for Flyers vs 1 for Devils.
Shots for this period are 8 for Flyers vs 9 for Devils.
3rd period
0:01 of 3rd period - Michael Frolik wins face-off versus Jeff Carter in neutral zone.
0:10 of 3rd period - Snap shot by Dany Heatley.
0:10 of 3rd period - Shot Misses the Net.
0:12 of 3rd period - Slapshot by Jeff Carter.
0:12 of 3rd period - Goal by Jeff Carter - Flyers : 4 - Devils : 2.
0:12 of 3rd period - Frederik Andersen enters game.
0:13 of 3rd period - Jeff Carter wins face-off versus Matt Duchene in neutral zone.
0:22 of 3rd period - Snap shot by Jeff Carter.
0:22 of 3rd period - Stopped by Frederik Andersen without a rebound.
0:23 of 3rd period - Matt Duchene wins face-off versus Jeff Carter in Devils zone.
0:23 of 3rd period - Matt Duchene is hit by Jeff Carter.
0:29 of 3rd period - Slapshot by Chris Kreider.
0:29 of 3rd period - Stopped by Frederik Andersen with a rebound.
0:31 of 3rd period - Wrist shot by Chris Kreider.
0:31 of 3rd period - Shot Misses the Net.
0:33 of 3rd period - Slapshot by Jeff Woywitka.
0:33 of 3rd period - Shot Misses the Net.
0:35 of 3rd period - Wrist shot by Chris Kreider.
0:35 of 3rd period - Deflect By Jeff Carter.
0:35 of 3rd period - Shot Misses the Net.
0:35 of 3rd period - Puck is out of play.
0:36 of 3rd period - Alexei Morozov wins face-off versus Matt Duchene in Devils zone.
0:41 of 3rd period - Snap shot by Alexei Morozov.
0:41 of 3rd period - Deflect By Jeff Carter.
0:41 of 3rd period - Shot Misses the Net.
0:41 of 3rd period - Puck is out of play.
0:42 of 3rd period - Ilya Kovalchuk wins face-off versus Jeff Carter in Devils zone.
0:51 of 3rd period - Wrist shot by Alexei Morozov.
0:51 of 3rd period - Shot Blocked by Ilya Kovalchuk.
0:57 of 3rd period - Slapshot by Matt Duchene.
0:57 of 3rd period - Deflect By Michael Frolik.
0:57 of 3rd period - Stopped by Cory Schneider without a rebound.
0:58 of 3rd period - Vincent Lecavalier wins face-off versus Kyle Wellwood in Flyers zone.
0:59 of 3rd period - Wrist shot by Chris Mcallister.
0:59 of 3rd period - Shot Misses the Net.
1:01 of 3rd period - Slapshot by Chris Phillips.
1:01 of 3rd period - Stopped by Cory Schneider without a rebound.
1:02 of 3rd period - Vincent Lecavalier wins face-off versus Kyle Wellwood in Flyers zone.
1:09 of 3rd period - Wrist shot by Chris Mcallister.
1:09 of 3rd period - Stopped by Cory Schneider without a rebound.
1:10 of 3rd period - Matt Duchene wins face-off versus Kyle Wellwood in Flyers zone.
1:56 of 3rd period - Jeff Carter is hit by Vincent Lecavalier and loses puck.
2:03 of 3rd period - Slapshot by Vincent Lecavalier.
2:03 of 3rd period - Shot Blocked by Pavel Kubina.
2:10 of 3rd period - Minor Penalty to Vincent Lecavalier for Holding.
2:11 of 3rd period - Kyle Wellwood wins face-off versus Brad Richardson in Devils zone.
3:19 of 3rd period - Michal Rozsival is hit by Jeff Carter and loses puck.
4:10 of 3rd period - Penalty to Vincent Lecavalier is over, Vincent Lecavalier is back on ice.
4:24 of 3rd period - Chris Mcallister is hit by Matt Smaby and loses puck.
5:40 of 3rd period - Victor Bartley is hit by Michal Rozsival and loses puck.
5:55 of 3rd period - Michal Rozsival is hit by Chris Kreider and loses puck.
6:10 of 3rd period - Off-side.
6:11 of 3rd period - Matt Duchene wins face-off versus Matthew Lombardi in neutral zone.
6:14 of 3rd period - Snap shot by Mike Komisarek.
6:14 of 3rd period - Deflect By Matthew Lombardi.
6:14 of 3rd period - Stopped by Cory Schneider with a rebound.
6:21 of 3rd period - Icing by Chris Phillips.
6:22 of 3rd period - Matt Duchene wins face-off versus Kyle Wellwood in Devils zone.
6:46 of 3rd period - Snap shot by Matt Duchene.
6:46 of 3rd period - Goal by Matt Duchene - Flyers : 4 - Devils : 3.
6:47 of 3rd period - Matt Duchene wins face-off versus Kyle Wellwood in neutral zone.
7:02 of 3rd period - Wrist shot by Matt Duchene.
7:02 of 3rd period - Shot Misses the Net.
7:21 of 3rd period - Snap shot by Vincent Lecavalier.
7:21 of 3rd period - Shot Blocked by Jonathan Ericsson.
7:23 of 3rd period - Slapshot by Chris Mcallister.
7:23 of 3rd period - Shot Blocked by Jeff Woywitka.
7:25 of 3rd period - Snap shot by Michal Rozsival.
7:25 of 3rd period - Deflect By Vladimir Tarasenko.
7:25 of 3rd period - Stopped by Cory Schneider without a rebound.
7:26 of 3rd period - Jeff Carter wins face-off versus Daniel Briere in Flyers zone.
7:30 of 3rd period - Minor Penalty to Alexei Morozov for Hooking.
7:31 of 3rd period - Matthew Lombardi wins face-off versus Matt Duchene in Flyers zone.
7:58 of 3rd period - Mats Zuccarello is hit by Karl Alzner and loses puck.
8:43 of 3rd period - Snap shot by Chris Kreider.
8:43 of 3rd period - Stopped by Frederik Andersen with a rebound.
9:06 of 3rd period - Rostislav Olesz is hit by Vladimir Tarasenko and loses puck.
9:30 of 3rd period - Penalty to Alexei Morozov is over, Alexei Morozov is back on ice.
9:48 of 3rd period - Snap shot by Loui Eriksson.
9:48 of 3rd period - Stopped by Frederik Andersen with a rebound.
10:06 of 3rd period - Pavel Kubina is hit by Chris Mcallister and loses puck.
10:13 of 3rd period - Slapshot by Chris Mcallister.
10:13 of 3rd period - Stopped by Cory Schneider without a rebound.
10:14 of 3rd period - Chris Kreider wins face-off versus Steve Ott in Flyers zone.
11:07 of 3rd period - Mats Zuccarello is hit by Vladimir Tarasenko and loses puck.
11:44 of 3rd period - Wrist shot by Brock Nelson.
11:44 of 3rd period - Stopped by Frederik Andersen with a rebound.
11:46 of 3rd period - Slapshot by Nathan Paetsch.
11:46 of 3rd period - Stopped by Frederik Andersen without a rebound.
11:47 of 3rd period - Matt Duchene wins face-off versus Jeff Carter in Devils zone.
12:46 of 3rd period - Wrist shot by Rostislav Olesz.
12:46 of 3rd period - Stopped by Frederik Andersen without a rebound.
12:47 of 3rd period - Matt Duchene wins face-off versus Jeff Carter in Devils zone.
12:47 of 3rd period - Michael Frolik is hit by Alexei Morozov and loses puck.
13:23 of 3rd period - Wrist shot by Dany Heatley.
13:23 of 3rd period - Deflect By Kyle Wellwood.
13:23 of 3rd period - Shot Misses the Net.
13:23 of 3rd period - Puck is out of play.
13:24 of 3rd period - Ilya Kovalchuk wins face-off versus Kyle Wellwood in Devils zone.
13:51 of 3rd period - Wrist shot by Vincent Lecavalier.
13:51 of 3rd period - Stopped by Cory Schneider with a rebound.
14:09 of 3rd period - Wrist shot by Mats Zuccarello.
14:09 of 3rd period - Shot Blocked by Jay McKee.
14:11 of 3rd period - Wrist shot by Brock Nelson.
14:11 of 3rd period - Stopped by Frederik Andersen without a rebound.
14:12 of 3rd period - Daniel Briere wins face-off versus Matthew Lombardi in Devils zone.
14:24 of 3rd period - Jeff Woywitka is hit by Brad Richardson and loses puck.
14:35 of 3rd period - Snap shot by Brock Nelson.
14:35 of 3rd period - Shot Blocked by Chris Phillips.
15:37 of 3rd period - Slapshot by Jeff Woywitka.
15:37 of 3rd period - Deflect By Matthew Lombardi.
15:37 of 3rd period - Goal by Matthew Lombardi - Flyers : 5 - Devils : 3.
15:38 of 3rd period - Jeff Carter wins face-off versus Matt Duchene in neutral zone.
15:47 of 3rd period - Alexei Morozov is hit by Michal Rozsival and loses puck.
16:04 of 3rd period - Michal Rozsival is hit by Matt Smaby and loses puck.
16:11 of 3rd period - Slapshot by Greg Zanon.
16:11 of 3rd period - Shot Misses the Net.
18:07 of 3rd period - Chris Kreider is hit by Chris Phillips.
19:15 of 3rd period - Slapshot by Jonathan Ericsson.
19:15 of 3rd period - Shot Misses the Net.
19:34 of 3rd period - Snap shot by Ilya Kovalchuk.
19:34 of 3rd period - Shot Misses the Net.
19:59 of 3rd period - Wrist shot by Brad Richardson.
19:59 of 3rd period - Stopped by Cory Schneider without a rebound.
Goals for this period are 2 for Flyers vs 1 for Devils.
Shots for this period are 10 for Flyers vs 9 for Devils.
Back to the Top